 Dungeon Crawl Stone Soup version 0.19-a0-1932-g59670f6 (webtiles) character file.

154 inmateoo the Chopper (level 5, -3/41 HPs)
             Began as a Formicid Artificer on Oct 25, 2016.
             Slain by an orc priest
             ... wielding a +0 flail
              (5 damage)
             ... on level 3 of the Dungeon.
             The game lasted 00:05:34 (2331 turns).

inmateoo the Chopper (Formicid Artificer)           Turns: 2331, Time: 00:05:36

Health: -3/41      AC:  9    Str: 17    XL:     5   Next: 62%
Magic:  7/7        EV:  2    Int: 11    God:
Gold:   148        SH: 11    Dex: 11    Spells: 0 memorised, 4 levels left

rFire  . . .     SeeInvis +     m - +0 hand axe
rCold  . . .     Gourm    .     g - +0 chain mail
rNeg   . . .     Faith    .     p - +0 large shield
rPois  .         Spirit   .     (helmet unavailable)
rElec  .         Reflect  .     j - +0 cloak
rCorr  .         Harm     .     (no gloves)
MR     .....                    (no boots)
Stlth  ..........               w - amulet of rage
                                (no ring)
                                (no ring)

@: flying
A: permanent stasis, dig shafts and tunnels, four strong arms, antennae 3
a: Dig, Shaft Self


You were on level 3 of the Dungeon.
You were not hungry.

You visited 1 branch of the dungeon, and saw 3 of its levels.

You collected 148 gold pieces.

Inventory:

Hand Weapons
 a - a +0 short sword
 m - a +0 hand axe (weapon)
Armour
 g - a +0 chain mail (worn)
 j - a +0 cloak (worn)
 p - a +0 large shield (worn)
Jewellery
 w - an amulet of rage (around neck)
Wands
 c - a wand of flame (15/48)
 d - a wand of enslavement (15/24)
 e - a wand of random effects (10/48)
Scrolls
 b - 3 scrolls of remove curse {unknown}
 k - 5 scrolls of identify {unknown}
 n - a scroll of amnesia {unknown}
 q - a scroll of blinking {unknown}
 t - a scroll of teleportation {unknown}
 v - a scroll of fog {unknown}
Potions
 h - a potion of flight
 l - a potion of curing {unknown}
 o - a potion of berserk rage {unknown}
Books
 s - a book of Minor Magic

   Spells                             Type                      Level
   a - Magic Dart                     Conjuration                  1
   b - Blink                          Translocation                2
   c - Call Imp                       Summoning                    2
   d - Repel Missiles                 Charms/Air                   2
   e - Slow                           Hexes                        2
   f - Conjure Flame                  Conjuration/Fire             3
   g - Mephitic Cloud                 Conjuration/Poison/Air       3
Comestibles
 f - 2 bread rations
 i - a royal jelly
 r - 3 chunks of flesh


   Skills:
 - Level 3.0 Fighting
 - Level 1.0 Short Blades
 * Level 4.0 Axes
 - Level 1.7 Dodging
 - Level 1.2 Stealth
 - Level 3.2 Evocations


You had 4 spell levels left.
You didn't know any spells.

Dungeon Overview and Level Annotations

Branches:
Dungeon (3/15)

Altars:
Dithmenos


Innate Abilities, Weirdness & Mutations

You are under a permanent stasis effect.
You can dig through walls and to a lower floor.
Your four strong arms can wield two-handed weapons with a shield.
You have a pair of large antennae on your head. (SInv)


Message History

The puff of flame hits you! The orc priest hits you with a flail.
The orc hits you but does no damage. You block the orc wizard's attack.
The orc priest calls down the wrath of Beogh upon you.
Beogh smites you!
Your shield prevents you from hitting the orc priest.
The orc priest is moderately wounded.
You hit the orc.
You hit the orc wizard but do no damage.
The orc hits you with a hand axe.
* * * LOW HITPOINT WARNING * * *
The orc wizard hits you but does no damage.
The orc priest hits you but does no damage.
It was a potion of flight.
You feel very buoyant.
You fly up into the air.
The orc wizard points at you and mumbles some strange words.
The puff of frost hits you!
* * * LOW HITPOINT WARNING * * *
You block the orc's attack. The orc priest hits you with a flail.
You die...

###..###..###...###.###.#####
#)...# #....)...###.##### ##
#.#..###..###...#......# #.
#.#.<.....# #####.#.##.## #.
#.#.......# ####........# #)
#.###########.........>.# #.
##.#####....$#.##..#.....####.
#......#....o#.##.............
#.####.#...bo@................
#.####.#....o#[###............
#...##.#.....#.###.#.######.#.
#.#.##.#######.......# #.#.
#.#.##.# #####.### #.#.
#......# #.# #.#. ####.####
#.# #... #.......# #####.#
#### #.##.##.#### #.....# #


You could see an orc priest, an orc wizard, an orc and a bat.

Vanquished Creatures
  A crimson imp (D:3)
  A gnoll (D:2)
  2 adders (D:2)
  An ooze (D:2)
  An adder skeleton (D:3)
  2 worms
  2 dart slugs
  3 leopard geckos
  4 orcs (D:3)
  10 giant cockroaches
  5 goblins
  12 hobgoblins
  A ball python (D:1)
  9 bats
  3 frilled lizards
  6 kobolds
  3 rats
66 creatures vanquished.

Notes
Turn   | Place    | Note
-------+----------+-------------------------------------------
     0 | D:1      | inmateoo the Formicid Artificer began the quest for the Orb.
     0 | D:1      | Reached XP level 1. HP: 15/15 MP: 3/3
   150 | D:1      | Reached XP level 2. HP: 20/22 MP: 4/4
   452 | D:1      | Reached XP level 3. HP: 25/28 MP: 5/5
   806 | D:2      | Reached skill level 1 in Axes
   974 | D:2      | Reached XP level 4. HP: 15/35 MP: 6/6
  1032 | D:2      | Reached skill level 2 in Axes
  1407 | D:2      | Found a shadowy altar of Dithmenos.
  1446 | D:3      | Reached skill level 3 in Axes
  1516 | D:3      | Reached XP level 5. HP: 26/41 MP: 7/7
  2261 | D:3      | Reached skill level 4 in Axes
  2331 | D:3      | HP: 2/41 [orc wizard/puff of frost (9)]
  2331 | D:3      | Slain by an orc priest

Vault maps used:
D:1:      sevenhm_arrival_forest_fort_large_2, nrook_mini_vaults, hex_tiny,
          grunt_decor_arrowhead
D:2:      nicolae_overflow_hidden_temple, first_bread, minmay_tetromino_o4
D:3:      minmay_roachtagon

Skill      XL: |  1  2  3  4  5 |
---------------+----------------+-----
Fighting       | 2 3 |  3.0
Axes           | 1 3 4 |  4.0
Short Blades   | |  1.0
Dodging        | |  1.7
Stealth        | |  1.2
Evocations     | |  3.2

Action                   |  1- 3 |  4- 6 || total
-------------------------+-------+-------++-------
Melee: Short sword       |    54 |       ||    54
       Hand axe          |    61 |   184 ||   245
 Abil: Dig               |       |     2 ||     2
Evoke: Wand              |       |     5 ||     5
  Use: Potion            |       |     1 ||     1
  Eat: Chunk             |       |     4 ||     4
       Fruit             |       |     1 ||     1
Armor: Chain mail        |   121 |   155 ||   276
Dodge: Dodged            |    49 |    17 ||    66
Block: Large shield      |     8 |   142 ||   150
